 Dungeon Crawl Stone Soup version 0.30-a0-50-gb2d611f6b1 (webtiles) character file.

Game seed: 3205608940669339390

164 drugrobin the Cutter (level 5, -6/42 HPs)
             Began as a Demigod Delver on Sept 5, 2022.
             Mangled by an iguana (7 damage)
             ... on level 4 of the Dungeon.
             The game lasted 00:07:20 (3842 turns).

drugrobin the Cutter (Demigod Delver)               Turns: 3842, Time: 00:07:20

Health: -6/42      AC:  9    Str: 16    XL:     5   Next: 0%
Magic:  7/7        EV:  7    Int: 16    God:
Gold:   163        SH:  0    Dex: 14    Spells: 4/4 levels left

rFire   . . .      SeeInvis .    a - +0 rapier
rCold   . . .      Faith    .    (no shield)
rNeg    . . .      Spirit   .    e - +0 chain mail
rPois   .          Reflect  .    (no helmet)
rElec   .          Harm     .    (no cloak)
rCorr   .          Rampage  .    (no gloves)
Will    .....                    p - +0 pair of boots
Stlth   ..........               (no amulet)
HPRegen 0.14/turn                q - +4 ring of slaying
MPRegen 0.10/turn                t - ring of flight

@: brilliant, attractive, flying, invisible
A: high MP 1, forlorn, divine attributes, clever 1, wild magic 1
a: no special abilities


You were on level 4 of the Dungeon.
You visited 1 branch of the dungeon, and saw 5 of its levels.

You collected 163 gold pieces.

Inventory:

Hand Weapons
 a - a +0 rapier (weapon)
 b - a +0 great sword
 c - a +0 sling
 d - a +2 dagger of freezing
 z - a +0 mace of venom
 B - a +0 short sword
Missiles
 r - 2 poisoned darts (quivered)
Armour
 e - a +0 chain mail (worn)
 n - a +0 leather armour
 p - a +0 pair of boots (worn)
 A - a +0 scale mail
Jewellery
 q - a +4 ring of slaying (left hand)
 t - a ring of flight (right hand)
 w - a ring of ice
Wands
 g - a wand of digging (1)
 u - a wand of flame (15)
Scrolls
 h - 2 scrolls of enchant weapon {unknown}
 j - a scroll of amnesia {unknown}
 k - 2 scrolls of teleportation {unknown}
 l - 4 scrolls of identify {unknown}
 x - a scroll of fog
 y - a scroll of summoning {unknown}
 D - a scroll of noise {unknown}
Potions
 f - a potion of haste
 i - 2 potions of attraction
 m - 3 potions of brilliance
 C - a potion of lignification {unknown}


   Skills:
 - Level 2.6 Fighting
 * Level 5.0 Short Blades
 - Level 1.7 Dodging
 - Level 4.5 Stealth


You had 4 spell levels left.
You didn't know any spells.
Your spell library contained the following spells:

 Spells                   Type           Power      Damage    Failure   Level
 Spider Form              Tmut/Pois      0%         N/A       100%        3
 Petrify                  Tmut/Erth      0%         N/A       100%        4
 Alistair's Intoxication  Tmut/Pois      0%         N/A       100%        5


Dungeon Overview and Level Annotations

Branches:
Dungeon (5/15)
 Temple: D:4-7

Annotations:
D:3 2 transporters, Feara's ghost, amateur OpBr
D:4 Menkaure


Innate Abilities, Weirdness & Mutations

You have an increased reservoir of magic. (+10% MP)
You shall have no god before yourself.
Your divine heritage dramatically boosts your attributes as you level up.
Your mind is acute. (Int +4, Str/Dex -1)
Your spells are a little harder to cast, but a little more powerful.


Message History

Aiming: Throw Flame
Press: ? - help, Shift-Dir - straight line, f/p - iguana
Aim: an iguana (heavily wounded, 72% to hit)
The puff of flame misses the iguana. x2
The iguana bites you but does no damage.
Unknown command.
Unknown command.
Aiming: Throw Flame
Press: ? - help, Shift-Dir - straight line, f/p - iguana
Aim: an iguana (heavily wounded, 72% to hit)
The puff of flame hits the iguana.
You kill the iguana!
Your Short Blades skill increases to level 5!
You have reached level 5!
Unknown command.
Unknown command.
It was a potion of brilliance.
You feel clever all of a sudden. The iguana bites you!
* * * LOW HITPOINT WARNING * * *
It was a potion of attraction.
You feel attractive to monsters. The iguana bites you.
* * * LOW HITPOINT WARNING * * *
Okay, then.
Okay, then.
Okay, then.
It was a potion of invisibility.
You fade into invisibility!
The iguana barely misses you.
Menkaure, Prince of Dust comes into view.
Menkaure is attracted toward you.
Unknown command.
Unknown command.
Unknown command.
It was a potion of mutation.
You feel extremely strange.
You feel clever.
You feel less in control of your magic.
Menkaure shouts!
You hear a shout!
The iguana bites you!
You die...

.. # ####
######....#
#.@lM.....##
#######
#.####.ยง.(..
#.....# #.#
..##.# #.....#
#.# .l##..#
#.....# #.#
=...... #.....#
#.# .......##
######.....####.#
#........#
......<.........#
##.... ##.####
.......####.....#
#..... +......


You could see Menkaure and an iguana (unable to see you).

Vanquished Creatures
  Jessica (D:2)
  An iguana (D:4)
  A gnoll (D:3)
  4 adders
  A worm (D:2)
  2 dart slugs
  4 orcs (D:3)
  3 endoplasms (D:1)
  2 giant cockroaches
  6 goblins
  7 hobgoblins
  4 quokkas
  6 ball pythons
  5 bats
  2 frilled lizards
  2 kobolds (D:2)
  4 rats
55 creatures vanquished.

Vanquished Creatures (others)
  6 plants (D:3)
6 creatures vanquished.

Grand Total: 61 creatures vanquished

Notes
Turn   | Place    | Note
-------+----------+-------------------------------------------
     0 | D:5      | drugrobin the Demigod Delver began the quest for the Orb.
     0 | D:5      | Reached XP level 1. HP: 18/18 MP: 3/3
    61 | D:5      | Noticed a jelly
   126 | D:5      | Noticed an orc wizard
   142 | D:5      | Noticed a scorpion
   166 | D:5      | Noticed a phantom
   166 | D:5      | Noticed an iguana
   433 | D:4      | Noticed an iguana
   433 | D:4      | Noticed an iguana
   480 | D:3      | Reached skill level 2 in Short Blades
   808 | D:3      | Found a transporter.
   808 | D:3      | Found a transporter.
  1042 | D:1      | Reached XP level 2. HP: 13/25 MP: 4/4
  1607 | D:1      | Reached skill level 3 in Short Blades
  1911 | D:1      | Got Quycweeh's Compendium of Transmogrification
  1929 | D:1      | Reached XP level 3. HP: 25/30 MP: 5/5
  2411 | D:2      | Noticed Jessica
  2414 | D:2      | Killed Jessica
  2415 | D:2      | Reached skill level 4 in Short Blades
  2545 | D:2      | Reached XP level 4. HP: 37/37 MP: 6/6
  3333 | D:3      | Noticed Feara's ghost (amateur OpBr)
  3839 | D:4      | Reached skill level 5 in Short Blades
  3839 | D:4      | Reached XP level 5. HP: 12/42 MP: 7/7
  3840 | D:4      | HP: 1/42 [iguana (4)]
  3841 | D:4      | Noticed Menkaure
  3842 | D:4      | Gained mutation: Your mind is acute. (Int +4, Str/Dex -1)
                  | [potion of mutation]
  3842 | D:4      | Gained mutation: Your spells are a little harder to cast,
                  | but a little more powerful. [potion of mutation]
  3842 | D:4      | Mangled by an iguana

Illustrated notes

Levels and vault maps discovered:
D:1:      wander_arrival_chamber, layout_basic,
          ebering_ecumenical_altar_sacrificial
D:2:      layout_loops_corners, basic_altar, grunt_ministairs_11, minivault_5,
          kennysheep_decorative_pillar, uniq_jessica
D:3:      layout_loops_cross, gammafunk_ghost_gnarly_gnolls,
          minmay_splitting_lines, minmay_misc_feat_iff
D:4:      layout_basic, lemuel_tele_altar, grunt_temple_overflow_cloverleaf,
          minmay_temple_entry_antechambers, uniq_pikel, uniq_menkaure,
          uniq_ijyb, uniq_edmund
D:5:      layout_loops_corners, regret_index_temple_of_mockery,
          gammafunk_temple_overflow_elements, lemuel_doored_altar

Skill      XL: |  1  2  3  4 |
---------------+-------------+-----
Short Blades   | 2 3 4 5 |  5.0
Fighting       | |  2.6
Dodging        | |  1.7
Stealth        | |  4.5

Action                   |  1- 3 |  4- 6 || total
-------------------------+-------+-------++-------
Melee: Rapier            |    70 |    49 ||   119
       Great sword       |    21 |       ||    21
       Punch             |       |     1 ||     1
Throw: Javelin           |     3 |     4 ||     7
Evoke: Wand              |     2 |     5 ||     7
  Use: Scroll            |     2 |       ||     2
       Potion            |       |     4 ||     4
 Stab: Sleeping          |    11 |     1 ||    12
       Distracted        |       |     1 ||     1
Armor: Leather armour    |    30 |     9 ||    39
       Chain mail        |       |    11 ||    11
Dodge: Dodged            |    52 |    17 ||    69

Table legend: (Time is in decaauts)
 A = Elapsed time spent in this place.
 B = Non-inter-level travel time spent in this place.
 C = Inter-level travel time spent in this place.
 D = Time resting spent in this place.
 E = Time spent auto-exploring this place.
 F = Levels seen in this place.
 G = Mean time per level.
                   A        B        C        D        E       F      G
               +--------+--------+--------+--------+--------+-----+--------+
         Total |   3856 |   3635 |    221 |    357 |   2377 |   5 |  771.2 |
       Dungeon |   3856 |   3635 |    221 |    357 |   2377 |   5 |  771.2 |
               +--------+--------+--------+--------+--------+-----+--------+

Top non-repeatable levels by time:
     D:1: 1144 daAuts
     D:2: 1142 daAuts
     D:3: 1043 daAuts
     D:4: 332 daAuts
     D:5: 194 daAuts
